 Dungeon Crawl Stone Soup version 0.24-a0-279-ga7546fe (webtiles) character file.

Game seed: 15113602752626829099

47 Anon1729 the Chopper (level 3, -4/33 HPs)
             Began as a Naga Gladiator on May 1, 2019.
             Was a Believer of Uskayaw.
             Slain by Crazy Yiuf
             ... wielding a +4 quarterstaff of chaos
              (18 damage)
             ... on level 2 of the Dungeon.
             The game lasted 00:03:26 (2093 turns).

Anon1729 the Chopper (Naga Gladiator)               Turns: 2093, Time: 00:03:27

Health: -4/33      AC:  3    Str: 16    XL:     3   Next: 70%
Magic:  0/3        EV: 10    Int:  8    God:    Uskayaw [**....]
Gold:   123        SH:  0    Dex: 13    Spells: 2/2 levels left

rFire    . . .     SeeInvis +   a - +0 war axe
rCold    . . .     Gourm    .   (no shield)
rNeg     + . .     Faith    .   b - +0 leather armour
rPois    +         Spirit   .   c - +0 helmet
rElec    .         Reflect  .   (no cloak)
rCorr    .         Harm     +   (no gloves)
MR       +....                  (no barding)
Stlth    +.........             l - amulet of harm
HPRegen  0.11/turn              j - ring of protection from magic
MPRegen  0.08/turn              o - ring of positive energy

@: very slow
A: large, see invisible, deformed body, poison resistance, slowness 2, slow
metabolism 1, spit poison 1, AC +1
a: Spit Poison, Stomp, Line Pass, Renounce Religion


You were on level 2 of the Dungeon.
You worshipped Uskayaw.
Uskayaw was noncommittal.
You were not hungry.

You visited 1 branch of the dungeon, and saw 2 of its levels.

You collected 123 gold pieces.

Inventory:

Hand Weapons
 a - a +0 war axe (weapon)
 h - a +0 spear
Missiles
 d - 3 throwing nets (quivered)
Armour
 b - a +0 leather armour (worn)
 c - a +0 helmet (worn)
Jewellery
 j - a ring of protection from magic (left hand)
 l - an amulet of harm (around neck)
 o - a ring of positive energy (right hand)
Scrolls
 g - 3 scrolls of noise {unknown}
 i - a scroll of blinking {unknown}
 k - a scroll of enchant armour {unknown}
 n - a scroll of fear {unknown}
 p - 2 scrolls of identify {unknown}
 t - a scroll of magic mapping {unknown}
Potions
 e - 2 potions of lignification {unknown}
 m - 2 potions of curing {unknown}
 q - a potion of brilliance {unknown}
 r - a potion of invisibility {unknown}
 s - a potion of agility {unknown}
Comestibles
 f - 5 rations


   Skills:
 + Level 2.5 Fighting
 * Level 3.9 Axes
 - Level 1.7 Throwing
 + Level 2.8 Dodging


You had 2 spell levels left.
You didn't know any spells.
Your spell library was empty.

Dungeon Overview and Level Annotations

Branches:
Dungeon (2/15)

Altars:
Uskayaw
Wu Jian

Annotations:
D:2 Crazy Yiuf


Innate Abilities, Weirdness & Mutations

You cannot wear boots.
Your serpentine skin is tough. (AC +1)
You have supernaturally acute eyesight. (SInv)
Armour fits poorly on your strangely shaped body.
Your system is resistant to poisons. (rPois)
You cover ground very slowly.
You have a slow metabolism.
You can spit poison.


Message History

You can now pass through a line of other dancers.
You hit Crazy Yiuf.
Crazy Yiuf is almost dead.
Crazy Yiuf barely misses you.
You closely miss Crazy Yiuf.
Crazy Yiuf is almost dead.
Crazy Yiuf laughs, "Powder mobile verde!"
Crazy Yiuf barely misses you.
You closely miss Crazy Yiuf.
Crazy Yiuf is almost dead.
Crazy Yiuf misses you.
You closely miss Crazy Yiuf.
Crazy Yiuf is almost dead.
Crazy Yiuf grits, "Citrus!
Ghoul ragdoll agre."
Crazy Yiuf barely misses you.
You barely miss Crazy Yiuf.
Crazy Yiuf is almost dead.
Crazy Yiuf hits you with a +4 quarterstaff of chaos!
Ouch! That really hurt!
You die...

#....##.# #....
#.#####.######....
#.# #...........
### ####.######.
#.## #. #..# #.
### #####.# ##.
#)..### ##).#..#
#.#
#...g@####PP....#
##.
#...##..#.PP...##
## ### ###.#...###
##_ ####### #.#
##.
##################
#...............#.
###############.#.
#...


You could see Crazy Yiuf.

Vanquished Creatures
  An adder (D:2)
  A worm (D:2)
  3 giant cockroaches
  5 hobgoblins (D:2)
  5 jackals
  A quokka (D:2)
  2 ball pythons
  3 bats (D:1)
  A frilled lizard (D:2)
  6 kobolds
  5 rats
33 creatures vanquished.

Notes
Turn   | Place    | Note
-------+----------+-------------------------------------------
     0 | D:1      | Anon1729 the Naga Gladiator began the quest for the Orb.
     0 | D:1      | Reached XP level 1. HP: 19/19 MP: 1/1
   604 | D:1      | Reached XP level 2. HP: 26/26 MP: 2/2
   957 | D:1      | You fall through a shaft!
   970 | D:2      | Found a faded altar of an unknown god.
  1146 | D:2      | Reached XP level 3. HP: 26/33 MP: 3/3
  1478 | D:2      | Noticed a +0 hand axe
  1478 | D:2      | Noticed a +0 dagger
  1484 | D:2      | Found a hide-covered altar of Uskayaw.
  1494 | D:2      | Became a worshipper of Uskayaw the Reveler
  1622 | D:2      | Reached * piety under Uskayaw
  1854 | D:2      | Found an ornate altar of the Wu Jian Council.
  1970 | D:2      | Found a runed translucent door.
  1971 | D:2      | Noticed Crazy Yiuf
  2088 | D:2      | Reached ** piety under Uskayaw
  2093 | D:2      | Slain by Crazy Yiuf

Levels and vault maps discovered:
D:1:      wander_arrival_lonely_grave, layout_loops_corners, serial_bayou,
          serial_bayou_lagoon_a, serial_bayou_shore_b, serial_bayou_pond_d,
          serial_bayou_ford_a, serial_bayou_crossing
D:2:      layout_basic, lemuel_doored_altar, dancing_weapons_uskayaw,
          chequers_ecumenical_altar_twisty, uniq_crazy_yiuf_cottage

Action                   || total
-------------------------++-------
Melee: War axe           ||    94
Throw: Throwing net      ||     2
  Eat: Chunk             ||     3
Armor: Leather armour    ||    23
Dodge: Dodged            ||    63

Table legend:
 A = Non-vault XP
 B = Vault XP
 C = Vault XP percentage of total XP
 D = Non-vault monster count
 E = Vault monster count
 F = Vault count percentage of total count
                 A         B        C        D         E       F
            +---------+---------+-------+---------+---------+-------
      Total |      68 |       0 |   0.0 |      33 |       0 |   0.0
            +---------+---------+-------+---------+---------+-------
        D:1 |      19 |       0 |   0.0 |      12 |       0 |   0.0
        D:2 |      49 |       0 |   0.0 |      21 |       0 |   0.0
            +---------+---------+-------+---------+---------+-------
